 Dungeon Crawl Stone Soup version 0.32-a0-685-g93135e86f0 (webtiles) character file.

Game seed: 17578390292410463919

431 javelincjr the Trooper (level 6, -4/49 HPs)
             Began as a Demonspawn Monk on Mar 12, 2024.
             Was an Elder of Dithmenos.
             Killed from afar by an orc wizard (10 damage)
             ... with a magic dart
             ... on level 4 of the Dungeon.
             The game lasted 00:07:12 (2622 turns).

javelincjr the Trooper (Demonspawn Monk)            Turns: 2622, Time: 00:07:12

Health: -4/49      AC:  3    Str: 14    XL:     6   Next: 66%
Magic:  8/8        EV: 13    Int: 10    God:    Dithmenos [****..]
Gold:   210        SH:  0    Dex: 15    Spells: 5/5 levels left

rFire   . . .        m - +1 dagger (venom)
rCold   . . .        (no shield)
rNeg    . . .        i - +0 leather armour
rPois   .            (no helmet)
rElec   .            (no cloak)
rCorr   .            (no gloves)
SInv    .            (no boots)
Will    .....        (no amulet)
Stlth   +++          (no ring)
HPRegen 0.28/turn    (no ring)
MPRegen 0.11/turn

%: no passive effects
@: wreathed by umbra
A: claws 2
a: Renounce Religion, Shadow Step


You were on level 4 of the Dungeon.
You worshipped Dithmenos.
Dithmenos was greatly pleased with you.
You visited 1 branch of the dungeon, and saw 4 of its levels.

You collected 210 gold pieces.

Inventory:

Hand Weapons
 a - a +0 spear
 m - a +1 dagger of venom (weapon)
Missiles
 k - 3 poisoned darts (quivered)
 s - 4 boomerangs
Armour
 b - a +0 robe
 d - an orb of light
 i - a +0 leather armour (worn)
 p - a +0 pair of gloves
Wands
 n - a wand of digging (5)
 u - a wand of flame (25)
Scrolls
 e - 2 scrolls of amnesia {unknown}
 g - a scroll of enchant armour {unknown}
 h - 4 scrolls of identify {unknown}
 l - 2 scrolls of enchant weapon {unknown}
 o - 4 scrolls of teleportation {unknown}
 q - a scroll of fog {unknown}
 t - a scroll of noise {unknown}
Potions
 f - 3 potions of might {unknown}
 j - 2 potions of degeneration {unknown}
 r - 4 potions of curing {unknown}
 v - a potion of brilliance {unknown}


   Skills:
 * Level 4.7 Fighting
 * Level 2.7 Short Blades
 - Level 3.0 Polearms
 + Level 3.7 Dodging
 + Level 2.1 Stealth
 + Level 2.8 Invocations


You had 5 spell levels left.
You didn't know any spells.
Your spell library contained the following spells:

 Spells                   Type           Power      Damage    Failure   Level
 Volatile Blastmotes      Fire/Tloc      0%         2d10      82%         3
 Fulminant Prism          Conj/Alch      0%         3d5       99%         4
 Iskenderun's Mystic Bla  Conj/Tloc      0%         2d3       99%         4


Dungeon Overview and Level Annotations

Branches:
Dungeon (4/15)
 Temple: D:4-7

Altars:
Dithmenos


Innate Abilities, Weirdness & Mutations

You have very sharp fingernails.


Message History

The magic dart hits you!
* * * LOW HITPOINT WARNING * * *
Something hits you but does no damage. Something hits you.
* * * LOW HITPOINT WARNING * * *
You hear some strange, mumbled words.
Something tries to affect you, but you resist.
There is a stone staircase leading down, spattered with blood here.
You see here a +0 mace.
You miss something. Something hits you. Something hits you but does no damage.
Something hits you but does no damage.
You hear some strange, mumbled words.
A magic dart appears from out of thin air!
The magic dart hits you.
* * * LOW HITPOINT WARNING * * *
You barely miss something.
You feel less invigorated.
You hear some strange, mumbled words.
A magic dart appears from out of thin air!
The magic dart hits you.
* * * LOW HITPOINT WARNING * * *
Something hits you but does no damage. Dithmenos accepts your kill.
Reactivating autopickup.
You feel a bit more experienced. Something hits you.
* * * LOW HITPOINT WARNING * * *
Deactivating autopickup; reactivate with Ctrl-A.
Something completely misses you. Something hits you.
* * * LOW HITPOINT WARNING * * *
You hit something. Something hits you.
* * * LOW HITPOINT WARNING * * *
You barely miss something.
You feel less confused.
You hit something but do no damage. Your shadow misses something.
Something hits you but does no damage.
You closely miss something.
You hear some strange, mumbled words.
A magic dart appears from out of thin air!
The magic dart hits you!
You die...

.. ....##.... .........#
..........
.........###..........
.....................
#+###......#...........
......................#
......................#
.......##.......@....###.
..............).{........
..........##..>..........
..........####)..........
#.....[...# #...........
#.........# #...........
#.........# #...#######.
.#.......#####...#
.#......#.......##


There were no monsters in sight!

Vanquished Creatures
  An ogre (D:4)
  A scorpion (D:4)
  A howler monkey (D:4)
  2 hounds (D:4)
  An orc priest (D:4)
  An iguana (D:4)
  An orc wizard (D:4)
  2 adders (D:2)
  3 dart slugs
  A ribbon worm (D:4)
  11 orcs
  7 bats
  9 endoplasms
  3 giant cockroaches
  4 goblins
  7 hobgoblins
  4 ball pythons
  5 frilled lizards
  4 kobolds
  8 rats
76 creatures vanquished.

Notes
Turn   | Place    | Note
-------+----------+-------------------------------------------
     0 | D:1      | javelincjr the Demonspawn Monk began the quest for the Orb.
     0 | D:1      | Reached XP level 1. HP: 18/18 MP: 1/1
   117 | D:1      | You fall into a shaft and drop 1 floor!
   239 | D:1      | Gained mutation: You have sharp fingernails. [demonic
                  | ancestry]
   239 | D:1      | Reached XP level 2. HP: 24/24 MP: 2/2
   395 | D:1      | Found a faded altar of an unknown god.
   405 | D:1      | Prayed at the altar of an unknown god.
   405 | D:1      | Became a worshipper of Dithmenos the Shadowed
   405 | D:1      | Reached * piety under Dithmenos
   405 | D:1      | Reached ** piety under Dithmenos
   604 | D:1      | Reached *** piety under Dithmenos
   760 | D:2      | Reached XP level 3. HP: 25/29 MP: 3/3
  1629 | D:3      | Reached skill level 1 in Invocations
  1708 | D:3      | Reached XP level 4. HP: 32/37 MP: 4/4
  1791 | D:3      | Reached skill level 1 in Short Blades
  2077 | D:4      | Noticed an ogre
  2088 | D:4      | Killed an ogre
  2089 | D:4      | Reached skill level 4 in Fighting
  2089 | D:4      | Reached skill level 1 in Stealth
  2089 | D:4      | Gained mutation: You have very sharp fingernails. [demonic
                  | ancestry]
  2089 | D:4      | Reached XP level 5. HP: 7/42 MP: 4/6
  2332 | D:4      | Reached XP level 6. HP: 42/49 MP: 7/7
  2453 | D:4      | Reached **** piety under Dithmenos
  2622 | D:4      | Killed from afar by an orc wizard

Illustrated notes

Levels and vault maps discovered:
D:1:      wander_arrival_estate, layout_loops_ring,
          ebering_ecumenical_altar_abandoned, minivault_19, minmay_heptomino_l4
D:2:      layout_loops_corners
D:3:      layout_rooms, serial_park_tiny_2
D:4:      layout_basic

Skill      XL: |  1  2  3  4  5  6 |
---------------+-------------------+-----
Polearms       | 3 |  3.0
Dodging        | 3 |  3.7
Invocations    | 1 2 |  2.8
Short Blades   | 1 2 |  2.7
Fighting       | 4 |  4.7
Stealth        | 1 2 |  2.1

Action                     |  1- 3 |  4- 6 || total
---------------------------+-------+-------++-------
  Melee: Spear             |    71 |       ||    71
         Dagger            |    59 |   126 ||   185
  Throw: Dart              |       |     2 ||     2
    Use: Potion            |       |     1 ||     1
   Stab: Sleeping          |     7 |       ||     7
 Armour: Robe              |    19 |       ||    19
         Leather armour    |    28 |    72 ||   100
  Dodge: Dodged            |    75 |    62 ||   137

Table legend: (Time is in decaauts)
 A = Elapsed time spent in this place.
 B = Non-inter-level travel time spent in this place.
 C = Inter-level travel time spent in this place.
 D = Time resting spent in this place.
 E = Time spent auto-exploring this place.
 F = Levels seen in this place.
 G = Mean time per level.
                   A        B        C        D        E       F      G
               +--------+--------+--------+--------+--------+-----+--------+
         Total |   2605 |   2574 |     31 |    106 |   1900 |   4 |  651.2 |
       Dungeon |   2605 |   2574 |     31 |    106 |   1900 |   4 |  651.2 |
               +--------+--------+--------+--------+--------+-----+--------+

Top non-repeatable levels by time:
     D:2: 903 daAuts
     D:1: 710 daAuts
     D:4: 533 daAuts
     D:3: 457 daAuts
